 Dungeon Crawl Stone Soup version 0.21-a0-110-g8e1637b (webtiles) character file.

930 Leszczynek the Cleaver (level 7, -4/64 HPs)
             Began as a Deep Dwarf Fighter on July 8, 2017.
             Was an Initiate of Makhleb.
             Killed from afar by a deep elf mage (25 damage)
             ... with a bolt of fire
             ... on level 7 of the Dungeon.
             The game lasted 00:08:47 (1572 turns).

Leszczynek the Cleaver (Deep Dwarf Fighter)         Turns: 1572, Time: 00:08:49

Health: -4/64      AC:  8    Str: 22    XL:     7   Next: 86%
Magic:  5/5        EV:  8    Int:  8    God:    Makhleb [......]
Gold:   134        SH: 10    Dex: 12    Spells: 6/6 levels left

rFire    . . .     SeeInvis +   a - +0 war axe
rCold    . . .     Gourm    .   c - +0 shield
rNeg     . . .     Faith    .   u - +3 ring mail
rPois    .         Spirit   .   q - +0 hat {SInv}
rElec    .         Reflect  .   (no cloak)
rCorr    .         Harm     .   (no gloves)
MR       +....                  (no boots)
Stlth    +.........             y - amulet of rage
HPRegen  0.00/turn              (no ring)
MPRegen  0.09/turn              (no ring)

@: non-regenerating
A: damage resistance, heal wounds, sense surroundings 1, no regeneration
a: Heal Wounds, Renounce Religion, Evoke Berserk Rage


You were on level 7 of the Dungeon.
You worshipped Makhleb.
Makhleb was noncommittal.
You were not hungry.

You visited 2 branches of the dungeon, and saw 8 of its levels.
You also visited: Sewer.

You collected 134 gold pieces.

Inventory:

Hand Weapons
 a - a +0 war axe (weapon)
Armour
 c - a +0 shield (worn)
 j - a +0 helmet
 q - a +0 hat of see invisible (worn)
 u - a +3 ring mail (worn)
Jewellery
 y - an amulet of rage (around neck)
Scrolls
 b - 2 scrolls of magic mapping {unknown}
 k - a scroll of teleportation {unknown}
 o - 2 scrolls of identify {unknown}
 p - a scroll of enchant armour {unknown}
 r - 2 scrolls of amnesia {unknown}
 v - a scroll of remove curse {unknown}
 w - 2 scrolls of fear {unknown}
 x - a scroll of immolation {unknown}
Potions
 e - a potion of ambrosia {unknown}
 f - a potion of might
 g - 4 potions of curing {@q1}
 l - a potion of haste {unknown}
 m - a potion of magic {unknown}
 n - a potion of lignification {unknown}
 s - a potion of heal wounds {unknown}
 z - a potion of agility {unknown}
Comestibles
 d - 3 bread rations
 h - 5 chunks of flesh
 i - 10 fruits
 t - a royal jelly
 A - a meat ration


   Skills:
 * Level 4.2 Fighting
 + Level 8.3 Axes
 + Level 4.2 Armour
 + Level 4.4 Shields


You had 6 spell levels left.
You didn't know any spells.

Dungeon Overview and Level Annotations

Branches:
Dungeon (7/15)             Temple (1/1) D:7

Altars:
Cheibriados
Fedhas
Makhleb
Qazlal
Ru
Wu Jian

Shops:
D:5 }}


Innate Abilities, Weirdness & Mutations

You are resistant to damage.
You can heal yourself by infusing magical energy.
You passively map a small area around you.
You do not regenerate.


Message History

Unknown command.
You fail to use your ability.
You block the fire elemental's attack. The fire elemental closely misses you.
You block the deep elf mage's attack.
Unknown command.
You feel much better. The fire elemental hits you.
The fire elemental burns you! You block the fire elemental's attack.
The deep elf mage casts a spell.
The deep elf mage blinks!
You block the fire elemental's attack. The fire elemental hits you.
The fire elemental burns you!
Unknown command.
You feel much better. The fire elemental hits you.
The fire elemental burns you! The fire elemental hits you.
The fire elemental burns you!
You open the gate. The fire elemental hits you. The fire elemental burns you!
The fire elemental hits you. The fire elemental burns you!
You block the fire elemental's attack. x2
You hear the hiss of a distant avalanche of sand.
The deep elf mage casts a spell at you. The bolt of fire hits you!
You die...

###+## , * .....# , ,
.....# * ... .....# .. , ,
, , .....# ..######## *
.....#######.#..'(.8+
.#####.......#..'.E§+ *
.............#..@.E.+,
...).........#..#'''#,
.............#..#e..#
#............#..#...# ,
#8..8#######.#..#...#, *
⌠.....#......#..#...# ,#,*
##..###......#..#...#..#
♣.... #......#..8...8..#
##..###...##...).........#


You could see a deep elf mage and 2 fire elementals.

Vanquished Creatures
  3 ice beasts
  A phantom (D:7)
  An ogre (D:5)
  A centaur (D:6)
  A crimson imp (D:6)
  2 hounds
  An orc priest (D:7)
  An iguana (D:5)
  3 worker ants
  4 adders
  10 gnolls
  An adder skeleton (D:7)
  2 worms
  A dart slug (D:1)
  3 leopard geckos
  6 orcs
  2 giant cockroaches
  2 goblins
  5 hobgoblins
  2 quokkas
  A bat (D:1)
  A frilled lizard (D:2)
  2 kobolds
  3 rats
59 creatures vanquished.

Notes
Turn   | Place    | Note
-------+----------+-------------------------------------------
     0 | D:1      | Leszczynek the Deep Dwarf Fighter began the quest for the Orb.
     0 | D:1      | Reached XP level 1. HP: 20/20 MP: 1/1
    93 | D:2      | Reached skill level 3 in Axes
   143 | D:2      | Reached XP level 2. HP: 20/27 MP: 2/2
   194 | D:2      | Reached skill level 4 in Axes
   194 | D:2      | Reached XP level 3. HP: 23/33 MP: 3/3
   540 | D:3      | Reached XP level 4. HP: 21/40 MP: 4/4
   778 | D:5      | Entered Level 5 of the Dungeon
   784 | D:5      | Reached skill level 5 in Axes
   804 | D:5      | Found Juhe's Gadget Shop.
   828 | D:5      | Found Beatyeh's Gadget Shop.
   865 | D:5      | Reached XP level 5. HP: 18/46 MP: 5/5
   890 | D:5      | Reached skill level 6 in Axes
   917 | D:5      | Noticed an ogre
   925 | D:5      | Killed an ogre
   925 | D:5      | Reached skill level 7 in Axes
   925 | D:5      | Reached XP level 6. HP: 41/55 MP: 6/6
  1095 | D:6      | Found a glowing drain.
  1099 | Sewer    | Entered a sewer
  1106 | Sewer    | not this one, fuck off
  1186 | D:6      | HP: 9/55 [gnoll/trident (11)]
  1193 | D:6      | Reached skill level 8 in Axes
  1204 | D:6      | Noticed an ice beast
  1224 | D:6      | Killed an ice beast
  1224 | D:6      | Reached skill level 3 in Fighting
  1224 | D:6      | Reached XP level 7. HP: 34/62 MP: 6/6
  1285 | D:7      | Reached skill level 4 in Armour
  1285 | D:7      | Reached skill level 4 in Shields
  1422 | D:7      | Reached skill level 4 in Fighting
  1427 | D:7      | Found a staircase to the Ecumenical Temple.
  1444 | Temple   | Entered the Ecumenical Temple
  1496 | Temple   | Became a worshipper of Makhleb the Destroyer
  1560 | D:7      | Noticed a deep elf mage
  1563 | D:7      | Noticed a fire elemental
  1563 | D:7      | Noticed a fire elemental
  1566 | D:7      | HP: 12/64 [fire elemental[a deep elf mage] (8)]
  1572 | D:7      | Killed from afar by a deep elf mage

Vault maps used:
D:1:      moated_graveyard_arrival
D:3:      first_bread, dk_noncrumbling_3, uniq_jessica, uniq_crazy_yiuf_cottage
D:4:      serial_shops, shop, fedhas_altar_3
D:5:      led_sif_pool, serial_shops, nicolae_shop_behind_doors, shop,
          shop_statue, okawaru_gym_becter
D:6:      nicolae_overflow_hidden_temple, gup_sewer_entry_bowl
D:7:      minitemple, minmay_temple_entry_statues_fountains, enter_ossuary_5,
          grunt_livestock, minmay_splitting_lines, guppyfry_early_elven_hall
Temple:   regret_index_temple_generic_petals
Sewer:    sewer_co_tree

Skill      XL: |  1  2  3  4  5  6  7 |
---------------+----------------------+-----
Axes           | 3 4 5 7 8 |  8.3
Fighting       | 3 4 |  4.2
Armour         | 4 |  4.2
Shields        | 4 |  4.4

Action                   |  1- 3 |  4- 6 |  7- 9 || total
-------------------------+-------+-------+-------++-------
Melee: War axe           |    81 |    86 |    56 ||   223
 Abil: Heal Wounds       |       |     5 |     7 ||    12
  Eat: Chunk             |       |     1 |     2 ||     3
Armor: Scale mail        |     5 |       |       ||     5
       Chain mail        |    35 |     1 |       ||    36
       Ring mail         |       |    35 |    32 ||    67
Dodge: Dodged            |    18 |    28 |    17 ||    63
Block: Shield            |    43 |    52 |    27 ||   122
